[Event "26th Hit Open-A 2022"]
[Site "Nova Gorica"]
[Date "2022.09.20"]
[Round "7.37"]
[White "Cokan, Mirko"]
[Black "Thuesen, Mogens"]
[Result "0-1"]
[ECO "D02"]
[WhiteElo "1683"]
[BlackElo "2242"]
[Annotator "TA"]
[PlyCount "74"]
[EventDate "2022.09.16"]
[EventType "swiss"]
[EventCountry "SLO"]
[SourceTitle "playchess.com"]
[Source "ChessBase"]
[SourceQuality "1"]
[TimeControl "5400+30"]

1. d4 d5 2. Bf4 Nf6 3. e3 e6 4. Nf3 Bd6 5. Bg3 O-O 6. Nbd2 c5 {[%emt 0:00:10] D02: 1 d4 d5 2 Nf3 sidelines, including 2...Nf6 3 g3 and 2...Nf6 3 Bf4.} 7. c3 Qc7 8. Ne5 Nbd7 {[%emt 0:02:16][%cal Rd7e5] The position is equal.} 9. f4 b6 10. Bd3 a5 11. Qe2 Bb7 12. Rc1 {[%emt 0:00:44] [#]} ({Better is} 12. Bb5 $11) 12... Qc8 $146 (12... c4 $15 13. Bc2 b5) ({Predecessor:} 12... c4 13. Bb1 b5 14. Bh4 Ne8 15. O-O g6 16. Rf3 Nxe5 17. fxe5 Be7 18. Qf2 Qd8 19. Bxe7 Qxe7 {1-0 (46) Buxade Roca,G (2202)-Grau Brumos,I (2122) Andorra 2006}) 13. b3 a4 14. Ndf3 ({White should try} 14. O-O $11) 14... axb3 15. axb3 Ra3 16. f5 exf5 (16... Ne4 {is interesting.} 17. fxe6 fxe6 18. O-O Ndf6) 17. Nxd7 $2 {[%emt 0:01:56] [#]} (17. Bxf5 $11 Qc7 18. O-O) 17... Bxg3+ $19 (17... Qxd7 18. Bxd6 Qxd6 19. Bxf5) 18. hxg3 Qxd7 19. Ne5 Qe6 20. g4 Ne4 ({Don't do} 20... Nxg4 21. Nxg4 f6 22. Nf2 $16) (20... Rxb3 21. Bxf5 Qd6 22. Qc2 $18) (20... fxg4 $19 {Strongly threatening ...Ne4.} 21. Rb1 Rfa8) 21. Qf3 $2 (21. Bxe4 $17 {was necessary.} fxe4 22. g5) 21... fxg4 ({Weaker is} 21... Rxb3 22. gxf5 Qd6 23. Bxe4 dxe4 24. Qh3 $17) 22. Qxg4 Qxg4 {[%emt 0:00:49] The board is on fire.} ({And not} 22... Rxb3 23. Qxe6 fxe6 24. Bxe4 dxe4 25. Rf1 $17) 23. Nxg4 Rxb3 24. Bxe4 dxe4 25. Kf2 (25. dxc5 $142 bxc5 26. Kf2) 25... f6 26. Kg3 Rb2 (26... f5 $142 27. Ne5 f4+ 28. Kh4 cxd4 29. cxd4 Rxe3) 27. Rh2 $2 (27. dxc5 bxc5 28. Rb1 Rxb1 29. Rxb1) 27... Ra8 28. Rch1 Raa2 {[%emt 0:01:55][%cal Oh7h5] Black is clearly winning.} 29. Rf1 Rc2 30. dxc5 bxc5 31. Nxf6+ gxf6 32. Rxf6 Ra6 {[%emt 0:00:49] Against Rd6} 33. Rf5 Rg6+ 34. Kf4 Rxc3 35. Rfh5 Rg7 {[%emt 0:01:54] [#] White must now prevent ...Rf7+.} 36. Ke5 Rxe3 {[%emt 0:00:32] Threatens to win with ...Rd3.} 37. Kd6 Reg3 {[%emt 0:00:32] Weighted Error Value: White=0.64/Black=0.25 (precise)} 0-1

[Event "26th Hit Open-A 2022"]
[Site "Nova Gorica"]
[Date "2022.09.20"]
[Round "7.38"]
[White "Vicic, Mark"]
[Black "Di Lascio, Savino"]
[Result "1/2-1/2"]
[ECO "B07"]
[WhiteElo "1641"]
[BlackElo "1793"]
[Annotator "NA COMBH"]
[PlyCount "90"]
[EventDate "2022.09.16"]
[EventType "swiss"]
[EventCountry "SLO"]
[SourceTitle "playchess.com"]
[Source "ChessBase"]
[SourceQuality "1"]
[TimeControl "5400+30"]

1. d4 Nf6 2. Nf3 d6 3. Nc3 Nbd7 4. e4 c6 5. Bd3 e5 6. O-O Be7 7. Re1 a6 8. b3 exd4 9. Nxd4 Qa5 10. Bb2 Ne5 11. Nf5 Bxf5 12. exf5 O-O-O 13. Bf1 Rhe8 14. a3 Bf8 15. b4 Qc7 16. a4 d5 17. b5 Nfg4 18. g3 Bc5 19. Re2 Nf3+ 20. Kg2 Nfxh2 21. Bc1 h5 22. f3 Nxf1 23. Qxf1 Ne3+ 24. Bxe3 Rxe3 25. Rxe3 Bxe3 26. bxa6 bxa6 27. Qxa6+ Kd7 28. Qd3 Ba7 29. Re1 Qb6 30. Kh3 Qa5 31. f6 g6 32. Re7+ Kc8 33. Rxf7 d4 34. Ne2 g5 35. Qe4 Qc5 36. Qd3 g4+ 37. Kh2 Rd7 38. Qa6+ Kd8 39. Rxd7+ Kxd7 40. Qb7+ Ke6 41. f7 Qxc2 42. f8=Q Qxe2+ 43. Kg1 Qe1+ 44. Kg2 Qe2+ 45. Kg1 Ke5 1/2-1/2

[Event "26th Hit Open-A 2022"]
[Site "Nova Gorica"]
[Date "2022.09.20"]
[Round "7.39"]
[White "Savoia, Serge"]
[Black "Ivsek, Cveto"]
[Result "0-1"]
[ECO "B18"]
[WhiteElo "1636"]
[BlackElo "1763"]
[Annotator "NA COMBH"]
[PlyCount "74"]
[EventDate "2022.09.16"]
[EventType "swiss"]
[EventCountry "SLO"]
[SourceTitle "playchess.com"]
[Source "ChessBase"]
[SourceQuality "1"]
[TimeControl "5400+30"]

1. e4 c6 2. d4 d5 3. Nd2 dxe4 4. Nxe4 Bf5 5. Ng3 Bg6 6. h4 h6 7. h5 Bh7 8. c3 Nf6 9. Bd3 Bxd3 10. Qxd3 e6 11. N1e2 Bd6 12. Ne4 Nxe4 13. Qxe4 Nd7 14. Bf4 Nf6 15. Qc2 Bxf4 16. Nxf4 Nd5 17. Nd3 Qg5 18. g3 O-O 19. Ne5 c5 20. Nd7 Rfe8 21. Nxc5 Nf6 22. Ne4 Nxe4 23. Qxe4 b6 24. Qe3 Qd5 25. f3 e5 26. Kf2 exd4 27. Qxd4 Qb5 28. Qd2 Rad8 29. Qc2 Qc5+ 30. Kg2 Re3 31. Rad1 Rde8 32. Rd2 Qc4 33. Rh4 Re2+ 34. Kh3 Qc8+ 35. Rg4 Re1 36. Qd3 Qc5 37. Qd5 Rh1+ 0-1

[Event "26th Hit Open-A 2022"]
[Site "Nova Gorica"]
[Date "2022.09.20"]
[Round "7.40"]
[White "Novak, Rok"]
[Black "Gamal, Alaa"]
[Result "1-0"]
[ECO "B01"]
[WhiteElo "1763"]
[BlackElo "1693"]
[Annotator "NA COMBH"]
[PlyCount "43"]
[EventDate "2022.09.16"]
[EventType "swiss"]
[EventCountry "SLO"]
[SourceTitle "playchess.com"]
[Source "ChessBase"]
[SourceQuality "1"]
[TimeControl "5400+30"]

1. e4 d5 2. exd5 Qxd5 3. Nc3 Qd6 4. d4 Nf6 5. Nf3 g6 6. Bc4 Bg7 7. Ne5 O-O 8. Nb5 Qd8 9. Bf4 a6 10. Nxf7 Rxf7 11. Bxf7+ Kxf7 12. Nxc7 Ra7 13. d5 Kg8 14. Qd4 b6 15. Qc4 Nh5 16. d6+ Kh8 17. O-O-O Nxf4 18. dxe7 Qxe7 19. Rhe1 Ne2+ 20. Rxe2 Bh6+ 21. Kb1 Rxc7 22. Rxe7 1-0

[Event "26th Hit Open-A 2022"]
[Site "Nova Gorica"]
[Date "2022.09.20"]
[Round "7.41"]
[White "Rigatti, Giorgio"]
[Black "Mihelj, Edvard"]
[Result "1-0"]
[ECO "C41"]
[WhiteElo "1763"]
[BlackElo "1657"]
[Annotator "NA COMBH"]
[PlyCount "91"]
[EventDate "2022.09.16"]
[EventType "swiss"]
[EventCountry "SLO"]
[SourceTitle "playchess.com"]
[Source "ChessBase"]
[SourceQuality "1"]
[TimeControl "5400+30"]

1. e4 e5 2. Nf3 d6 3. d4 Bg4 4. dxe5 Bxf3 5. Qxf3 dxe5 6. Bc4 Qf6 7. Qb3 b6 8. Nc3 Bd6 9. Be3 Ne7 10. O-O-O O-O 11. Nb5 Nbc6 12. Nxd6 cxd6 13. Qd3 Rfd8 14. Qd2 h6 15. g4 Qg6 16. f3 Na5 17. Bd3 Qe6 18. b3 d5 19. Qf2 d4 20. Bd2 Rac8 21. Kb2 Rd6 22. Rc1 Ng6 23. Ba6 Rc7 24. Bb4 Rd8 25. Rhd1 Nf4 26. Bd2 g5 27. h4 Qg6 28. Rh1 Kg7 29. hxg5 Qxg5 30. Rh5 Qe7 31. Bxf4 exf4 32. Qh2 Rc6 33. Qxf4 Rf6 34. Qd2 Rg6 35. Rch1 Rdd6 36. e5 Rc6 37. Qxd4 Rce6 38. Bd3 Rg5 39. Qe4 f5 40. Rxg5+ Qxg5 41. gxf5 Rc6 42. f4 Qg3 43. f6+ Kf7 44. Qd5+ Ke8 45. Rxh6 Rc5 46. Rh8+ 1-0

[Event "26th Hit Open-A 2022"]
[Site "Nova Gorica"]
[Date "2022.09.20"]
[Round "7.42"]
[White "Zlatanovic, Srdjan"]
[Black "Petrovcic, Cvetko"]
[Result "1-0"]
[ECO "A46"]
[WhiteElo "1740"]
[BlackElo "1602"]
[Annotator "NA COMBH"]
[PlyCount "205"]
[EventDate "2022.09.16"]
[EventType "swiss"]
[EventCountry "SLO"]
[SourceTitle "playchess.com"]
[Source "ChessBase"]
[SourceQuality "1"]
[TimeControl "5400+30"]

1. d4 Nf6 2. Nf3 e6 3. Bf4 Nh5 4. Bg3 Nc6 5. e3 Ne7 6. c3 Nxg3 7. hxg3 d6 8. Nbd2 Bd7 9. Qb3 b6 10. Bd3 Ng6 11. a4 a5 12. Bb1 Be7 13. Be4 d5 14. Bd3 Bd6 15. Qc2 f5 16. c4 dxc4 17. Bxc4 Bb4 18. O-O O-O 19. Rfc1 Bd6 20. Bd3 e5 21. dxe5 Nxe5 22. Nxe5 Bxe5 23. Nc4 Bf6 24. Bxf5 Bxf5 25. Qxf5 Rf7 26. Rd1 Qe7 27. Qc2 Raf8 28. Rd2 Bg5 29. Rad1 Qe6 30. b3 h5 31. Nb2 h4 32. gxh4 Bxh4 33. Nd3 Qh6 34. Nf4 Qf6 35. Qc4 g5 36. Nh3 Kh8 37. Qd4 Qxd4 38. exd4 g4 39. g3 Be7 40. Nf4 Kh7 41. Kg2 Bg5 42. Rh1+ Bh6 43. Ne6 Rg8 44. Rc2 Kg6 45. Rxc7 Rxc7 46. Nxc7 Rc8 47. Nb5 Rc2 48. Re1 Rb2 49. Re6+ Kg7 50. Nd6 Kh7 51. Nf5 Bf8 52. Rxb6 Bb4 53. Rh6+ Kg8 54. Rg6+ Kf7 55. Rxg4 Rxb3 56. d5 Rb2 57. Nd4 Bc5 58. Rf4+ Ke7 59. Nc6+ Kd6 60. Nxa5 Kxd5 61. Nc4 Ra2 62. g4 Ke6 63. Na5 Bd6 64. Rc4 Kf7 65. g5 Be5 66. Nc6 Bc7 67. Nb4 Rxa4 68. Rxc7+ Kg6 69. Rc4 Kxg5 70. Kg3 Ra3+ 71. f3 Ra1 72. Rc5+ Kf6 73. Kf4 Rf1 74. Rc6+ Ke7 75. Nd3 Rd1 76. Ne5 Rf1 77. Kf5 Rf2 78. Rc7+ Kf8 79. Kf6 Kg8 80. Kg6 Kf8 81. Rf7+ Kg8 82. Nd7 Rg2+ 83. Kf6 Rf2 84. Ne5 Rf1 85. Ke7 Re1 86. f4 Re2 87. Kf6 Re1 88. Ng4 Rg1 89. Nh6+ Kh8 90. Nf5 Rf1 91. Kg5 Rg1+ 92. Kh5 Kg8 93. Nh6+ Kh8 94. Rf8+ Kh7 95. Rf7+ Kh8 96. Ng4 Kg8 97. Ra7 Kf8 98. f5 Rg3 99. f6 Rg1 100. Ne5 Rh1+ 101. Kg4 Rg1+ 102. Kf5 Rh1 103. Ra8# 1-0

[Event "26th Hit Open-A 2022"]
[Site "Nova Gorica"]
[Date "2022.09.20"]
[Round "7.43"]
[White "Juvan, Vid"]
[Black "Bajec, Borut"]
[Result "0-1"]
[ECO "B30"]
[WhiteElo "1564"]
[BlackElo "1732"]
[Annotator "NA COMBH"]
[PlyCount "104"]
[EventDate "2022.09.16"]
[EventType "swiss"]
[EventCountry "SLO"]
[SourceTitle "playchess.com"]
[Source "ChessBase"]
[SourceQuality "1"]
[TimeControl "5400+30"]

1. e4 c5 2. Nf3 Nc6 3. Bb5 a6 4. Bxc6 bxc6 5. b3 d6 6. d4 cxd4 7. Nxd4 Bd7 8. c4 Nf6 9. Nc3 e5 10. Nc2 Be7 11. O-O O-O 12. Bg5 Be6 13. Re1 h6 14. Bh4 Qd7 15. Qe2 Nh7 16. Bg3 f5 17. f4 fxe4 18. fxe5 d5 19. Rad1 Bg4 20. Qd2 Bxd1 21. Rxd1 Bc5+ 22. Kh1 Qf5 23. h3 Rad8 24. Nd4 Bxd4 25. Qxd4 Kh8 26. cxd5 cxd5 27. Nxd5 Ng5 28. Qc4 Nxh3 29. Re1 Ng5 30. Nf4 Kh7 31. Qxa6 Ra8 32. Qe2 Ra3 33. Nd5 Qe6 34. Nc3 Qc6 35. Qb2 Rfa8 36. Na4 R3xa4 37. bxa4 Qxa4 38. Re2 Qd1+ 39. Kh2 Rf8 40. Qd2 Qa4 41. Qc2 Qe8 42. Bh4 Qh5 43. g3 Nf3+ 44. Kg2 Nxh4+ 45. gxh4 Qg4+ 46. Kh2 Qxh4+ 47. Kg2 Rf4 48. e6 Qg5+ 49. Kh1 Rf1+ 50. Kh2 Qg1+ 51. Kh3 Rf3+ 52. Kh4 Qg5# 0-1

[Event "26th Hit Open-A 2022"]
[Site "Nova Gorica"]
[Date "2022.09.20"]
[Round "7.44"]
[White "Budai, Federico"]
[Black "Guid, Taja"]
[Result "1/2-1/2"]
[ECO "B47"]
[WhiteElo "1712"]
[BlackElo "1511"]
[Annotator "NA COMBH"]
[PlyCount "42"]
[EventDate "2022.09.16"]
[EventType "swiss"]
[EventCountry "SLO"]
[SourceTitle "playchess.com"]
[Source "ChessBase"]
[SourceQuality "1"]
[TimeControl "5400+30"]

1. e4 c5 2. Nf3 e6 3. d4 cxd4 4. Nxd4 Nc6 5. Nc3 Qc7 6. a3 a6 7. Be2 Nf6 8. O-O Nxd4 9. Qxd4 Bc5 10. Qd3 O-O 11. Bg5 Qe5 12. Bh4 Nh5 13. Bxh5 Qxh5 14. Bg3 f5 15. exf5 Rxf5 16. Ne4 Rd5 17. Qb3 b5 18. Nxc5 Rxc5 19. Rad1 Qf5 20. c3 d5 21. Rfe1 Bd7 1/2-1/2

[Event "26th Hit Open-A 2022"]
[Site "Nova Gorica"]
[Date "2022.09.20"]
[Round "7.45"]
[White "Hellsten, Uffe"]
[Black "Novak, Simona"]
[Result "0-1"]
[ECO "B12"]
[WhiteElo "1732"]
[BlackElo "1692"]
[Annotator "NA COMBH"]
[PlyCount "116"]
[EventDate "2022.09.16"]
[EventType "swiss"]
[EventCountry "SLO"]
[SourceTitle "playchess.com"]
[Source "ChessBase"]
[SourceQuality "1"]
[TimeControl "5400+30"]

1. e4 c6 2. d4 d5 3. e5 Bf5 4. h4 h5 5. Bd3 Bxd3 6. Qxd3 e6 7. Bg5 Qb6 8. Nd2 c5 9. c4 Qxb2 10. Rb1 Qxd4 11. Qb3 Qxe5+ 12. Ne2 Qc7 13. cxd5 e5 14. Nc4 f6 15. Rd1 Nd7 16. d6 Qc6 17. Na5 c4 18. Qh3 Qb5 19. Qe6+ Kd8 20. Bd2 Nh6 21. O-O Nc5 22. Qd5 Rc8 23. Rb1 Qd7 24. Nxb7+ Nxb7 25. Rxb7 Qxd6 26. Ba5+ Ke8 27. Qf3 Qd3 28. Nc3 Qxf3 29. gxf3 Nf5 30. Nb5 Bc5 31. f4 Nxh4 32. fxe5 Nf3+ 33. Kg2 Nxe5 34. Rxg7 Kf8 35. Rb7 Rg8+ 36. Kh1 Rg7 37. Rxg7 Kxg7 38. Nc3 Nd3 39. Ne4 f5 40. Bc3+ Kg6 41. Rg1+ Kf7 42. Rg7+ Ke6 43. Ng5+ Kd5 44. f3 Re8 45. Rd7+ Kc6 46. Rf7 Re2 47. Ba5 Nf2+ 48. Kg1 Nh3+ 49. Kf1 Rf2+ 50. Ke1 Nxg5 51. Rc7+ Kb5 52. Rxc5+ Kxc5 53. Kxf2 Kd4 54. Ke2 Ne6 55. Be1 c3 56. Bf2+ Kc4 57. Bxa7 Nd4+ 58. Ke3 f4+ 0-1

[Event "26th Hit Open-A 2022"]
[Site "Nova Gorica"]
[Date "2022.09.21"]
[Round "8.1"]
[White "Ghazarian, Kirk"]
[Black "Wadsworth, Matthew J"]
[Result "1/2-1/2"]
[ECO "B48"]
[WhiteElo "2440"]
[BlackElo "2423"]
[Annotator "TA"]
[PlyCount "118"]
[EventDate "2022.09.16"]
[EventType "swiss"]
[EventCountry "SLO"]
[SourceTitle "playchess.com"]
[Source "ChessBase"]
[SourceQuality "1"]
[TimeControl "5400+30"]

1. e4 c5 2. Nf3 e6 3. d4 cxd4 4. Nxd4 Nc6 5. Nc3 Qc7 6. Be3 a6 7. Qf3 {[%emt 0:00:58] 7.g4 gains popularity. B48: Sicilian: Taimanov: 5 Nc3 Qc7 6 Be3 a6 without Be2.} Bd6 8. O-O-O Be5 9. Nxc6 {[%emt 0:00:11] White is slightly better.} bxc6 10. Bd4 Nf6 11. Bxe5 Qxe5 12. Qe3 Ng4 13. Qe1 Rb8 {[%emt 0:07:26] [#]} 14. h3 $146 ({Predecessor:} 14. f3 Nf6 15. Qg3 Qxg3 16. hxg3 d5 17. Bd3 h6 18. g4 Rg8 19. Rhe1 Ke7 20. Na4 {½-½ (46) Kuipers,S (2470)-Gledura,B (2615) Wijk aan Zee 2019}) 14... Nf6 15. Qe3 Qa5 $2 (15... O-O $11 {and Black has nothing to worry.}) 16. e5 $2 (16. Qg3 $1 $18 Qb4 17. Bb5 $1 Rxb5 18. Nxb5) 16... Nd5 $11 17. Nxd5 cxd5 18. Kb1 Qb6 19. Qxb6 {[%emt 0:19:20] Active counter play!} Rxb6 20. c4 (20. Rd4 $11) 20... dxc4 21. Rd6 Rb4 22. Be2 (22. a3 $11 Ra4 23. Rd4) 22... Ke7 (22... Bb7 $17 23. Rc1 Bxg2 24. Bxc4 Ke7) 23. Rd4 (23. a3 $11 Rb5 24. Bxc4 Rxe5 25. Rb6) 23... f6 (23... Bb7 $17 24. Rhd1 Rd8) 24. exf6+ (24. Rxc4 Rxc4 25. exf6+ (25. Bxc4 fxe5 26. Bd3 Bb7 $17) 25... gxf6 26. Bxc4 Bb7 $17) 24... gxf6 25. a3 (25. Rxc4 Rxc4 26. Bxc4 Bb7 $17) 25... Ra4 26. Bxc4 ({Don't play} 26. Rxc4 Rxc4 27. Bxc4 Bb7 $15) 26... Ra5 ({Don't do} 26... d5 27. b3 Ra5 28. b4 $14) 27. Rhd1 Rf5 $2 {[%emt 0:01:45] [#]} (27... Rg8 $14) 28. Bxa6 $1 $18 e5 (28... Bxa6 $2 29. Rxd7+ Ke8 30. Rd8+ Kf7 31. Rxh8 $18) (28... d5 29. f4) 29. R4d2 {[%emt 0:00:39] aiming for Bxc8.} d5 {[%emt 0:01:16] [#]} (29... Bxa6 $2 30. Rxd7+ Kf8 31. Rd8+ Kf7 32. Rxh8 $18) 30. Rxd5 $1 Rxf2 $16 (30... Bxa6 $2 31. Rd7+ Kf8 32. Rd8+ Kf7 33. Rxh8 $18) 31. Bxc8 Rxc8 32. R5d2 Rxd2 33. Rxd2 {[%emt 0:00:01][%mdl 4096] Endgame KR-KR} e4 34. Rc2 Rb8 35. b4 Ke6 36. Kc1 Ke5 {[%emt 0:00:52] [#]} (36... f5 $142) 37. Kd2 (37. Rb2 $1 $16) 37... Kd4 38. Rc7 ({White should play} 38. a4 $16) 38... Ra8 $11 39. Rc3 f5 40. g3 h5 41. h4 Rg8 42. Rb3 Kc4 43. Re3 Rg7 44. Ke2 Kd4 45. Rb3 Kc4 46. Re3 Kd4 47. Kf2 Rc7 {[%emt 0:00:11] [#]} (47... f4 $11 {keeps the balance.} 48. gxf4 Rg4) 48. Re2 (48. b5 $1 $16) 48... Rc3 {[%emt 0:00:32] The position is equal.} 49. Rd2+ Kc4 {[%emt 0:00:10] ( -> ...e3+)} 50. Rb2 Rf3+ 51. Kg2 Rxa3 52. b5 Ra7 53. Rf2 Kxb5 54. Rxf5+ Kc4 55. Rxh5 Ra2+ 56. Kf1 Kd3 {[%emt 0:00:14] Strongly threatening ...Ra1+.} 57. Re5 e3 {[%emt 0:00:35] Threatens to win with ...Ra1+.} 58. Rd5+ Ke4 59. Rd8 Ke5 {[%emt 0:01:19] Black defended with fortune.  Weighted Error Value: White=0.19 (very precise) /Black=0.26 (precise)} (59... Kf3 $5 60. Rf8+ $8 Kxg3 $11) 1/2-1/2

[Event "26th Hit Open-A 2022"]
[Site "Nova Gorica"]
[Date "2022.09.21"]
[Round "8.2"]
[White "Willow, Jonah B"]
[Black "Drazic, Sinisa"]
[Result "1/2-1/2"]
[ECO "B35"]
[WhiteElo "2385"]
[BlackElo "2327"]
[Annotator "TA"]
[PlyCount "121"]
[EventDate "2022.09.16"]
[EventType "swiss"]
[EventCountry "SLO"]
[SourceTitle "playchess.com"]
[Source "ChessBase"]
[SourceQuality "1"]
[TimeControl "5400+30"]

1. e4 c5 2. Nf3 Nc6 3. Nc3 g6 4. d4 cxd4 5. Nxd4 Bg7 6. Be3 Nf6 7. Bc4 Qa5 8. O-O O-O 9. Bb3 d6 10. h3 Bd7 11. Nd5 {[%emt 0:03:17] Black must now prevent Nxc6. B35: Sicilian: Accelerated Dragon with 5 Nc3: main line.} Rfe8 12. Nxc6 Bxc6 {[%emt 0:03:04] [#]} 13. Bd2 $146 ({Predecessor:} 13. Qf3 Nd7 14. c3 Ne5 15. Qf4 Nd3 16. Qg5 Bxd5 17. Qxd5 Qxd5 18. Bxd5 e6 19. Bxb7 {½-½ (39) Kitson,K (2387)-Greiner,T (2320) ICCF email 2007}) 13... Qd8 14. Re1 e6 15. Nxf6+ Bxf6 16. c3 a5 17. a4 Be5 18. Bc4 Qd7 19. Qb3 d5 20. Bb5 dxe4 21. Rxe4 {[%emt 0:00:42][%mdl 64] Pin} Qxd2 22. Rxe5 Red8 23. Rae1 Kg7 24. R5e2 Qf4 25. Bxc6 bxc6 $40 {[%emt 0:00:03][%mdl 128] Black is up to no good.} 26. Re4 Qd2 27. Qb6 Rab8 28. Qxa5 ({Better is} 28. Qc7 $1 $11) 28... Rd5 $1 $15 ({Resist} 28... Rxb2 29. Qe5+ (29. R4e2 Qxe2 30. Rxe2 Rd1+ 31. Kh2 Rxe2 $15) 29... f6 30. Qc5 $16) 29. Qa7 Rxb2 30. Rf1 Ra2 31. Re3 Rd7 32. Qa5 Qd5 33. Qb4 Ra7 34. Re4 (34. c4 $142 Qd4 35. Ra3) 34... c5 $17 ({And not} 34... R2xa4 35. Qxa4 Rxa4 36. Rxa4 $15) 35. Qc4 Qxc4 36. Rxc4 {[%emt 0:00:01][%mdl 4096] Endgame KRR-KRR} Ra5 37. Re1 R2xa4 38. Ree4 (38. Rce4 $17 {keeps fighting.}) 38... Rxc4 $19 39. Rxc4 {[%emt 0:00:01] KR-KR} f5 {[%emt 0:00:11] Against Re4} 40. Kf1 Kf6 {[%emt 0:00:16] ...g5 is the strong threat.} 41. Ke2 g5 42. f4 gxf4 43. Rxf4 Kg5 {[%emt 0:00:05] Inhibits Rh4.} 44. Kf3 (44. Rf1 $142 Ra2+ 45. Kf3) 44... h5 (44... e5 $142 45. Rc4 h5) 45. g3 {[%emt 0:00:34] [#]} (45. g4 hxg4+ 46. hxg4) 45... Ra8 $2 (45... e5 $1 $19 46. Rc4 e4+ 47. Ke3 Ra2 48. Rxc5 Rg2) 46. Rc4 $17 {[%emt 0:00:06] [#]} Rc8 $1 47. Ke3 e5 {[%emt 0:00:51] aiming for ...e4.} 48. Ra4 (48. h4+ $17 Kf6 49. Ra4) 48... Rd8 $2 (48... e4 $19 49. Ra5 Rd8 50. Rxc5 Rd3+ 51. Kf2 h4) 49. h4+ $1 $11 {[%emt 0:00:16] The position is equal.} Kf6 50. Ra6+ Ke7 51. Rc6 Rd5 52. c4 Rd4 53. Rxc5 Kd6 54. Rc8 {[%emt 0:00:12] White wants to mate with Rd8+.} Rg4 55. Kf2 f4 56. gxf4 Rxf4+ 57. Kg3 Rg4+ 58. Kh3 Rg7 59. Rh8 e4 60. Rxh5 Rc7 61. Kg3 {[%emt 0:00:42] And White is the lucky defender.  Weighted Error Value: White=0.36/Black=0.28 (precise)} 1/2-1/2

[Event "26th Hit Open-A 2022"]
[Site "Nova Gorica"]
[Date "2022.09.21"]
[Round "8.3"]
[White "Manish Anto Cristiano F"]
[Black "Sonis, Francesco"]
[Result "1-0"]
[ECO "B15"]
[WhiteElo "2249"]
[BlackElo "2542"]
[Annotator "TA"]
[PlyCount "77"]
[EventDate "2022.09.16"]
[EventType "swiss"]
[EventCountry "SLO"]
[SourceTitle "playchess.com"]
[Source "ChessBase"]
[SourceQuality "1"]
[TimeControl "5400+30"]

1. e4 c6 2. Nc3 d5 3. d4 dxe4 4. Nxe4 Nf6 5. Nxf6+ exf6 6. c3 Bd6 7. Bd3 O-O 8. Qc2 {[%emt 0:00:16] Active counter play!} Re8+ {[%emt 0:00:05] B15: Caro-Kann: 3 Nc3: 3...g6 and 3...dxe4 4 Nxe4 Nf6 5 Nxf6+ exf6.} 9. Ne2 h5 10. Be3 Nd7 {[%emt 0:02:18] The position is equal.} 11. O-O-O Nf8 12. Kb1 Be6 13. c4 Rc8 14. Nc3 a6 (14... Bb4 $11) 15. c5 $14 {[%emt 0:03:45] [#]} Be7 $146 (15... Bb8 $14) ({Predecessor:} 15... Bb8 16. Be4 Bd5 17. Nxd5 cxd5 18. Bf3 g6 19. Qb3 Rc7 20. Bxd5 Rd7 21. Bxb7 Qc7 22. c6 Rde7 23. d5 Rd8 24. Bb6 {1-0 (24) Yip,C (2420)-Ippolito,D (2369) Chess.com INT 2020}) 16. h3 h4 17. f4 Bd7 18. Rhe1 Qa5 $2 {[%emt 0:10:59] This move loses the game for Black.} (18... f5 $16 19. Bxf5 Bxf5 20. Qxf5 Qd7 21. Qxd7 Nxd7) 19. f5 b5 20. Bf2 g5 $2 (20... Rb8 21. Bxh4 Rbd8) 21. fxg6 $18 Be6 22. b3 Kg7 23. gxf7 Bxf7 24. Re4 {[%emt 0:01:22] [#] Threatens to win with Rg4+.} f5 {[%emt 0:05:15] Prevents Rg4+.} 25. Re5 Ne6 26. Bxf5 Bf6 27. Re4 Ng5 28. Rxh4 Rcd8 29. Qd2 {[%emt 0:01:57] [#] aiming for Rg4.} b4 30. Ne4 Rd5 31. Nxg5 Rxf5 32. Rh7+ Kg8 33. Nxf7 {[%emt 0:00:25][%cal Bg5f7,Bf7d6,Bd6e4][%mdl 32] White threatens Nh6+ and mate.} ({And not} 33. Rxf7 Bxg5 34. Rxf5 Bxd2 35. Rxd2 Qb5 $11) 33... Kxh7 34. Qh6+ Kg8 35. Qg6+ Kf8 36. Nd6 Qxa2+ 37. Kxa2 Rxf2+ 38. Kb1 Re7 39. Ne4 {[%emt 0:00:28] Weighted Error Value: White=0.07 (flawless) /Black=0.92} 1-0

[Event "26th Hit Open-A 2022"]
[Site "Nova Gorica"]
[Date "2022.09.21"]
[Round "8.4"]
[White "Stefansson, Vignir Vatnar"]
[Black "Holtel, Jasper"]
[Result "1-0"]
[ECO "B51"]
[WhiteElo "2452"]
[BlackElo "2406"]
[Annotator "TA"]
[PlyCount "95"]
[EventDate "2022.09.16"]
[EventType "swiss"]
[EventCountry "SLO"]
[SourceTitle "playchess.com"]
[Source "ChessBase"]
[SourceQuality "1"]
[TimeControl "5400+30"]

1. Nf3 c5 2. e4 d6 3. Bb5+ Nd7 4. c4 Ngf6 5. Nc3 g6 6. O-O {[%emt 0:00:26] B51: Sicilian: Moscow Variation (3 Bb5+) without 3...Bd7.} Bg7 7. d3 O-O 8. Ba4 {[%emt 0:00:02] The position is equal.} Nb6 9. h3 Nxa4 10. Qxa4 Bd7 11. Qc2 a6 12. Be3 Bc6 (12... b5 $11) 13. d4 $14 cxd4 14. Nxd4 Rc8 {[%emt 0:04:50] [#]} 15. Qd3 $146 ({Predecessor:} 15. a4 b6 16. Rad1 Qc7 17. b3 Qb7 18. Nxc6 Rxc6 19. Rd2 Rfc8 20. Qd3 Nd7 21. Bd4 {½-½ (37) Campbell,B (2500)-Findlay,I (2500) Toronto 2002}) 15... Nd7 16. Rac1 e6 17. Rfd1 Qe7 18. b3 Rfd8 19. Qd2 Bf6 20. Re1 Nc5 21. Bh6 Be8 22. Rcd1 Bg7 ({Better is} 22... Qc7 $14) 23. Bxg7 $16 Kxg7 24. f4 f6 $2 {[%emt 0:10:50] [#]} (24... e5 $16 {was necessary.}) 25. f5 $1 $18 e5 26. Nc2 (26. Nd5 $18 Qf7 27. b4 exd4 28. bxc5) 26... Bc6 27. Nb4 Qf7 28. Qe3 a5 29. Nbd5 gxf5 30. exf5 Rg8 31. Kh2 Kh8 32. g4 Rg5 33. Qg3 (33. Nb5 $16 Bxb5 34. cxb5) 33... Rcg8 $11 34. Qh4 Qg7 {[%emt 0:01:08] [#]} (34... h5 $11 {remains equal.}) 35. Rg1 (35. Rf1 $142 $1) 35... Bd7 36. Ne3 {[%emt 0:00:41] White has more active pieces. Pair of Knights!} e4 $2 (36... Qf8 $1 $14) 37. Qg3 $18 ({Less strong is} 37. Rxd6 Bxf5 38. Ncd5 (38. Nxf5 Rxf5 39. Rd5 Rf3 $11) (38. b4 axb4 39. Ncd5 Be6 $11) 38... Be6 $16) 37... Nd3 $2 (37... Bc6 38. Rxd6 Qf8) 38. Nxe4 Ne5 39. Nxg5 Qxg5 40. Rxd6 Bc6 41. Rf1 {[%emt 0:00:22] Inhibits Nf3+.} Re8 42. Nd5 Nf7 {[%emt 0:00:17] Hoping for ...Re2+.} 43. Re6 {[%emt 0:00:48] Inhibits Re2+. And now Rxe8+ would win.} Rd8 44. Qc3 Bxd5 45. cxd5 Kg7 46. d6 Nxd6 {[%emt 0:01:05] [#]} 47. Rxd6 $1 Rxd6 48. Qc7+ {[%emt 0:00:04] Weighted Error Value: White=0.31/Black=0.50} 1-0